 Dungeon Crawl Stone Soup version 0.30.1-1-g62c8e00024 (webtiles) character file.

Game seed: 2350733089607533383

30 Peloso the Covered (level 3, 36/36 HPs)
             Began as a Minotaur Fighter on July 15, 2023.
             Got out of the dungeon alive.
             The game lasted 00:02:01 (1003 turns).

Peloso the Covered (Minotaur Fighter)               Turns: 1003, Time: 00:02:02

Health: 36/36      AC:  7    Str: 20    XL:     3   Next: 5%
Magic:  2/2        EV:  9    Int:  5    God:
Gold:   57         SH:  4    Dex: 11    Spells: 2/2 levels left

rFire   . . .        a - +0 long sword
rCold   . . .        c - +0 buckler
rNeg    . . .        b - +0 scale mail
rPois   .            (helmet restricted)
rElec   .            (no cloak)
rCorr   .            (no gloves)
SInv    .            (no boots)
Will    .....        (no amulet) Stlth
                     (no ring)
HPRegen 0.26/turn    (no ring)
MPRegen 0.08/turn

%: no passive effects
@: no status effects
A: horns 2, retaliatory headbutt, robust 1, screaming 1, teleportitis 1
a: no special abilities


You escaped.
You visited 1 branch of the dungeon, and saw 1 of its levels.

You collected 57 gold pieces.

Inventory:

Hand Weapons
 a - a +0 long sword (weapon)
Armour
 b - a +0 scale mail (worn)
 c - a +0 buckler (worn)
Scrolls
 e - a scroll of enchant armour {unknown}
 f - a scroll of enchant weapon {unknown}
 g - a scroll of identify {unknown}
 j - a scroll of immolation {unknown}
Potions
 d - a potion of might
 i - a potion of heal wounds


   Skills:
 + Level 4.0 Fighting
 + Level 2.7 Long Blades
 + Level 4.2 Armour
 + Level 4.1 Shields


You had 2 spell levels left.
You didn't know any spells.
Your spell library was empty.

Dungeon Overview and Level Annotations

Branches:
Dungeon (1/15)

Altars:


Innate Abilities, Weirdness & Mutations

You have a pair of horns on your head.
You reflexively headbutt those who attack you in melee.
You are robust. (+10% HP)
You occasionally shout uncontrollably at your foes.
You are occasionally teleported next to monsters.


Message History

Increase (S)trength, (I)ntelligence, or (D)exterity?
You feel agile. x2
It was a potion of heal wounds.
You feel much better.
It was a potion of mutation.
You feel extremely strange.
You feel robust.
You feel the urge to shout.
You feel weirdly uncertain.
(D) Dungeon
Where to? (? - help)
What level of the Dungeon? (default 1, ? - help)
You see here a +0 whip.
There is an open door here.
The goblin shouts!
You can't go up here!
The goblin throws a stone.
The stone barely misses you.
You hit the goblin. Your headbutt misses the goblin.
The goblin is moderately wounded.
You block the goblin's attack.
You miss the goblin.
The goblin is moderately wounded.
The goblin closely misses you. The goblin hits you.
You barely miss the goblin. Your headbutt misses the goblin.
The goblin is moderately wounded.
The goblin closely misses you. You furiously retaliate!
You headbutt the goblin, but do no damage.
You hit the goblin.
You kill the goblin!
The goblin shouts!
Things that are here:
8 stones; a goblin corpse The goblin throws a stone.
The stone hits you but does no damage. You block the goblin's attack.
You barely miss the goblin. You headbutt the goblin.
You kill the goblin!
There is a staircase leading out of the dungeon here.
Things that are here:
3 stones; a goblin corpse
There is a staircase leading out of the dungeon here.
Things that are here:
3 stones; a goblin corpse Are you sure you want to leave the Dungeon?
This will make you lose the game!
You have escaped!

....##..#####≈≈≈≈≈§§#####..##....
#..##.### #≈§§.§§§§§§≈# ###.###.#
#.##.## #........)..# ##.##..
#.##.# ######'###### #.####
#.##.##### ###8'8#8### #####.##
..#.##≈..###.........###...##.#
#.#.#≈≈..##...........##....#.#
#.#.#≈g..##............#....#.#
#.#.'§...'8.....@...(.......'.#
#.#.#§§..#'............#....#.###
#.#.#§§..##...........##....#.#..
#.#.##≈..###.........###...##.#.#
#.#.###### ####8'8#### #####.##..
#.##.# ######(###### #.####
#.##.## #.....(.....# ##.#
#..##.### #≈≈≈.....≈≈≈# ###.##
#...##..#####≈§≈§≈≈≈#####..##


There were no monsters in sight!

Vanquished Creatures
  A ball python (D:1)
  2 bats (D:1)
  2 endoplasms (D:1)
  A giant cockroach (D:1)
  8 goblins (D:1)
  3 hobgoblins (D:1)
  5 kobolds (D:1)
  A frilled lizard (D:1)
  3 rats (D:1)
26 creatures vanquished.

Notes
Turn   | Place    | Note
-------+----------+-------------------------------------------
     0 | D:1      | Peloso the Minotaur Fighter began the quest for the Orb.
     0 | D:1      | Reached XP level 1. HP: 19/19 MP: 0/0
   253 | D:1      | Reached XP level 2. HP: 19/27 MP: 1/1
   930 | D:1      | Reached XP level 3. HP: 33/33 MP: 2/2
   931 | D:1      | Gained mutation: You are robust. (+10% HP) [potion of
                  | mutation]
   931 | D:1      | Gained mutation: You occasionally shout uncontrollably at
                  | your foes. [potion of mutation]
   931 | D:1      | Gained mutation: You are occasionally teleported next to
                  | monsters. [potion of mutation]
  1003 | D:$      | Got out of the dungeon alive.

Illustrated notes

Levels and vault maps discovered:
D:1:      dpeg_arrival_morbid_curiosity, layout_basic, chequers_garden

Skill      XL: |  1  2 |
---------------+-------+-----
Armour         | 4 |  4.2
Shields        | 4 |  4.1
Fighting       | 4 |  4.0
Long Blades    | |  2.7

Action                     || total
---------------------------++-------
  Melee: Long sword        ||    53
         Headbutt          ||    10
    Use: Potion            ||     2
 Armour: Scale mail        ||    27
  Dodge: Dodged            ||    22
  Block: Buckler           ||    14
